 Dungeon Crawl Stone Soup version 0.29.1-12-g30fa7ad0bf (webtiles) character file.

Game seed: 10623545170456465799

2221 cheesebisquit the Grappler (level 9, -5/88 HPs)
             Began as a Troll Fighter on Jan 17, 2023.
             Slain by a manticore (9 damage)
             ... on level 6 of the Dungeon.
             The game lasted 00:24:17 (5684 turns).

cheesebisquit the Grappler (Troll Fighter)          Turns: 5684, Time: 00:24:17

Health: -5/88      AC:  5    Str: 26    XL:     9   Next: 13%
Magic:  0/8        EV:  8    Int:  8    God:
Gold:   90         SH:  0    Dex:  9    Spells: 2/8 levels left

rFire   . . .      SeeInvis .     - Unarmed
rCold   . . .      Faith    .   d - +1 kite shield
rNeg    + . .      Spirit   +   w - +1 robe
rPois   .          Reflect  .   (helmet restricted)
rElec   .          Harm     .   (no cloak)
rCorr   .          Rampage  .   (gloves unavailable)
Will    .....                   (boots unavailable)
Stlth   +.........              i - amulet of guardian spirit
HPRegen 1.04/turn               e - ring of positive energy
MPRegen 0.11/turn               (no ring)

@: confused, ambrosia-drunk
A: large, unfitting armour, claws 3, regeneration 1, shaggy fur 1, tough skin 1
a: no special abilities


You were on level 6 of the Dungeon.
You visited 1 branch of the dungeon, and saw 6 of its levels.
You also visited: Sewer.

You collected 272 gold pieces.
You spent 182 gold pieces at shops.

Inventory:

Missiles
 j - 23 stones (quivered)
 k - 5 large rocks
 o - 3 poisoned darts
Armour
 d - a +1 kite shield (worn)
 w - a +1 robe (worn)
Jewellery
 e - a ring of positive energy (left claw)
 i - an amulet of guardian spirit (around neck)
 t - a ring of protection from cold
Wands
 c - a wand of flame (17)
Scrolls
 a - 2 scrolls of poison {unknown}
 f - 3 scrolls of amnesia
 l - 2 scrolls of butterflies
 m - 2 scrolls of teleportation
 n - a scroll of immolation {unknown}
 p - a scroll of brand weapon
 q - 3 scrolls of vulnerability
 s - 2 scrolls of fear
 x - a scroll of enchant weapon {unknown}
 y - a scroll of noise {unknown}
 A - a scroll of magic mapping {unknown}
Potions
 b - 3 potions of brilliance
 g - a potion of ambrosia
 h - 3 potions of degeneration
 r - a potion of cancellation
 u - 2 potions of magic
 z - a potion of heal wounds {unknown}


   Skills:
 + Level 5.6 Fighting
 - Level 2.4 Dodging
 + Level 6.1 Shields
 * Level 8.9 Unarmed Combat


You had 2 spell levels left.
You knew the following spells:

 Your Spells              Type           Power      Damage    Failure   Level
a - Statue Form           Tmut/Erth      0%         N/A       100%        6

Your spell library contained the following spells:

 Spells                   Type           Power      Damage    Failure   Level
 Ensorcelled Hibernation  Hex/Ice        0%         N/A       80%         2
 Passwall                 Tmut/Erth      0%         N/A       80%         2
 Swiftness                Air            0%         N/A       95%         3
 Hailstorm                Conj/Ice       0%         3d3       100%        4
 Ice Form                 Ice/Tmut       0%         N/A       100%        4
 Leda's Liquefaction      Hex/Erth       0%         N/A       100%        4
 Lee's Rapid Deconstruct  Erth           0%         3d5*      100%        5
 Simulacrum               Ice/Necr       0%         N/A       100%        6


Dungeon Overview and Level Annotations

Branches:
Dungeon (6/15)              Sewer (visited)
 Temple: D:4-7

Altars:
Dithmenos
Fedhas
Makhleb
Trog
The Shining One

Shops:
D:3 *?(   D:5 *


Innate Abilities, Weirdness & Mutations

You are too large for most types of armour.
You have claws for hands.
Your natural rate of healing is unusually fast.
You are covered in fur. (AC +1)
You have tough skin. (AC +1)


Message History

The manticore is lightly wounded.
The manticore bites you! You block the manticore's attack.
The manticore claws you but does no damage.
The manticore bites you but does no damage.
The manticore barely misses you. The manticore claws you.
You barely miss the manticore.
The manticore is lightly wounded.
You claw the manticore!
The manticore is heavily wounded.
The manticore barely misses you. The manticore claws you!
The manticore claws you.
You scratch the manticore.
The manticore is heavily wounded.
The manticore barely misses you. The manticore claws you!
* * * LOW HITPOINT WARNING * * *
The manticore claws you!
* * * LOW HITPOINT WARNING * * *
You feel better. The manticore completely misses you.
You block the manticore's attack. The manticore claws you.
* * * LOW HITPOINT WARNING * * *
You are confused.
You feel invigorated. The manticore bites you!!
* * * LOW HITPOINT WARNING * * *
The manticore closely misses you. The manticore claws you.
* * * LOW HITPOINT WARNING * * *
You enter the shallow water.
Moving in this stuff is going to be slow.
You closely miss the manticore.
The manticore is heavily wounded.
The manticore barely misses you. The manticore claws you!
* * * LOW HITPOINT WARNING * * *
The manticore closely misses you. The manticore completely misses you.
The manticore claws you but does no damage.
The manticore claws you!
* * * LOW HITPOINT WARNING * * *
The manticore closely misses you. The manticore claws you!
* * * LOW HITPOINT WARNING * * *
The manticore claws you!
You die...

####..#.#~##~##.##~##~###.##
........#~~###...###~~###.###
.###..###.~~#.#.#.#~~#......#
.# #..# #..~##.#..#~##.##.#.#
.###..###.#~#~..#~#~##.##.#.#
†.........#~#.#..##~~~.##.#.#
.########## ##.~..#~#~.#..#.#
.#### #.#.#.###~.#<##.#
.##.## #~.#@~##~~...##.#
.....#### #.#.#H#~~#...##.#
........+ ##.~)##~........#
.#...#### #.#.# #~.#...####
.....# ##.# #~###..## ####.#
#. #~###.#.## #.# #~#.
##~##.###.# ####.# #~#.
#~~###.#..# .....# #~#
#~....#.#.#


You could see a manticore.

Vanquished Creatures
  An ugly thing (D:6)
  5 ogres
  2 phantoms
  4 bullfrogs
  2 scorpions
  A jelly (D:4)
  A hound (D:3)
  3 orc priests
  A gnoll bouda (D:5)
  Ijyb (D:3)
  4 iguanas
  7 orc wizards
  Natasha (D:3)
  5 gnolls
  4 river rats
  13 adders
  A shadow imp (D:4)
  A white imp (D:6)
  An ufetubus (D:5)
  2 worms
  6 dart slugs
  10 orcs
  7 endoplasms
  2 giant cockroaches (D:2)
  6 goblins
  5 hobgoblins
  7 kobolds
  3 quokkas
  25 ball pythons
  11 bats
  5 frilled lizards
  33 rats
180 creatures vanquished.

Vanquished Creatures (others)
  2 fungi (D:1)
2 creatures vanquished.

Grand Total: 182 creatures vanquished

Notes
Turn   | Place    | Note
-------+----------+-------------------------------------------
     0 | D:1      | cheesebisquit the Troll Fighter began the quest for the
                  | Orb.
     0 | D:1      | Reached XP level 1. HP: 22/22 MP: 0/0
   174 | D:1      | Reached XP level 2. HP: 29/29 MP: 1/1
   422 | D:1      | Reached XP level 3. HP: 36/36 MP: 2/2
   466 | D:1      | Reached skill level 3 in Unarmed Combat
   601 | D:1      | Found a faded altar of an unknown god.
  1425 | D:2      | Reached XP level 4. HP: 42/44 MP: 3/3
  1842 | D:3      | Found Toynob's Assorted Antiques.
  1850 | D:3      | Bought a scroll labelled JOSEEHEIP DUYSM for 16 gold pieces
  1850 | D:3      | Bought a scroll labelled TOIPPEGEW for 16 gold pieces
  1850 | D:3      | Bought a scroll labelled NURPHI NEOPHI for 16 gold pieces
  1850 | D:3      | Bought a scroll labelled FATHRA SUOMESSY for 16 gold pieces
  1933 | D:3      | Identified the +3 whip of the Witching Blowfly {freeze,
                  | Str+3 Int+5 Dex-2}
  2143 | D:3      | Noticed Ijyb
  2161 | D:3      | Killed Ijyb
  2162 | D:3      | Reached skill level 4 in Unarmed Combat
  2162 | D:3      | Reached XP level 5. HP: 17/53 MP: 4/4
  2322 | D:3      | Found Pighamm's Magic Scroll Shop.
  2353 | D:3      | Bought a scroll of identify for 20 gold pieces
  2353 | D:3      | Bought a scroll of identify for 20 gold pieces
  2437 | D:3      | Found Neguwiyr's Weapon Shoppe.
  2512 | D:3      | Noticed Natasha
  2516 | D:3      | Killed Natasha
  2968 | D:4      | Noticed an ogre
  2979 | D:4      | Killed an ogre
  2980 | D:4      | Reached XP level 6. HP: 61/61 MP: 5/5
  2990 | D:4      | Found a shadowy altar of Dithmenos.
  3014 | D:4      | Reached skill level 5 in Unarmed Combat
  3036 | D:4      | Found a glowing drain.
  3048 | Sewer    | Entered a sewer
  3351 | Sewer    | Reached XP level 7. HP: 19/68 MP: 4/6
  3569 | D:4      | Reached skill level 6 in Unarmed Combat
  3754 | D:4      | Identified the +1 leather armour of Wiuti {rC- Str+8}
  4125 | D:4      | Found a bloodstained altar of Trog.
  4128 | D:4      | Found a blossoming altar of Fedhas.
  4140 | D:4      | Found a glowing golden altar of the Shining One.
  4143 | D:4      | Found a burning altar of Makhleb.
  4447 | D:4      | Reached skill level 5 in Shields
  4583 | D:5      | Entered Level 5 of the Dungeon
  4671 | D:5      | Reached XP level 8. HP: 75/79 MP: 7/7
  4674 | D:5      | Reached skill level 7 in Unarmed Combat
  4707 | D:5      | Found Tawott's Assorted Antiques.
  4722 | D:5      | Bought a scroll labelled SEMPOK RENUY for 27 gold pieces
  4722 | D:5      | Bought a scroll labelled WENKETY MAKLOGG for 27 gold pieces
  4722 | D:5      | Bought a bubbling clear potion for 24 gold pieces
  5064 | D:5      | Learned a level 6 spell: Statue Form
  5299 | D:6      | Reached skill level 5 in Fighting
  5546 | D:6      | Noticed a purple ugly thing
  5572 | D:6      | Killed a purple ugly thing
  5573 | D:6      | Reached skill level 8 in Unarmed Combat
  5573 | D:6      | Reached XP level 9. HP: 44/88 MP: 5/8
  5667 | D:6      | Noticed a manticore
  5684 | D:6      | HP: 4/88 [manticore (7)]
  5684 | D:6      | Slain by a manticore

Illustrated notes

Levels and vault maps discovered:
D:1:      minmay_arrival_plants_in_alcoves, layout_basic,
          shapermc_ecumenical_altar_mp_vishouse, dreamdust_mushroom_princess
D:2:      layout_basic
D:3:      layout_basic, serial_shops, nicolae_diamond_shop, shop,
          nicolae_shop_waterfront, minmay_distorted, uniq_natasha, uniq_ijyb
D:4:      layout_basic, lemuel_tele_altar, grunt_temple_overflow_cloverleaf,
          portal_sewer_entry_a, nicolae_elevator_lobby_asterisk
D:5:      layout_loops_ring, serial_shops, nicolae_shop_statue_plus
D:6:      layout_loops_corners, minmay_manual_mullet

Skill      XL: |  1  2  3  4  5  6  7  8 |
---------------+-------------------------+-----
Shields        | 3 4 5 6 |  6.1
Unarmed Combat | 3 4 5 6 8 |  8.9
Fighting       | 3 4 5 |  5.6
Dodging        | |  2.4

Action                   |  1- 3 |  4- 6 |  7- 9 || total
-------------------------+-------+-------+-------++-------
Melee: Unarmed           |   124 |   163 |   246 ||   533
Throw: Large rock        |       |     7 |       ||     7
       Stone             |       |     2 |       ||     2
  Use: Potion            |       |     8 |     4 ||    12
       Scroll            |       |    10 |     2 ||    12
Armor: Robe              |    41 |    79 |    44 ||   164
       Skin              |       |    10 |       ||    10
Dodge: Dodged            |    46 |   105 |    63 ||   214
Block: Kite shield       |    38 |    88 |    75 ||   201
